 Dungeon Crawl Stone Soup version 0.29-a0-298-g3c90f9a769 (webtiles) character file.

Game seed: 11070572614683559606

123 Dabor the Magician (level 4, -1/24 HPs)
             Began as a Deep Elf Venom Mage on Mar 23, 2022.
             Was a Priest of Jiyva.
             Slain by a gnoll
             ... wielding a +1 flail of holy wrath
              (9 damage)
             ... on level 4 of the Dungeon.
             The game lasted 00:04:59 (3071 turns).

Dabor the Magician (Deep Elf Venom Mage)            Turns: 3071, Time: 00:05:00

Health: -1/24      AC:  3    Str:  5    XL:     4   Next: 80%
Magic:  0/12       EV: 13    Int: 22    God:    Jiyva [***...]
Gold:   181        SH:  0    Dex: 15    Spells: 6/11 levels left

rFire   + . .      SeeInvis .   s - +2 mace (vorpal)
rCold   . . .      Faith    .   (no shield)
rNeg    . . .      Spirit   +   a - +0 robe
rPois   .          Reflect  .   (no helmet)
rElec   .          Harm     .   (no cloak)
rCorr   +          Rampage  .   r - +0 pair of gloves
Will    .....                   (no boots)
Stlth   ++........              t - amulet of guardian spirit
HPRegen 1.20/turn               p - ring of protection from fire
MPRegen 0.48/turn               (no ring)

@: no status effects
A: no striking features
a: Renounce Religion, Oozemancy


You were on level 4 of the Dungeon.
You worshipped Jiyva.
Jiyva was most pleased with you.
You visited 1 branch of the dungeon, and saw 4 of its levels.

You collected 181 gold pieces.

Inventory:

Hand Weapons
 s - a +2 vorpal mace (weapon)
Armour
 a - a +0 robe (worn)
 r - a +0 pair of gloves (worn)
Jewellery
 p - a ring of protection from fire (left hand)
 t - an amulet of guardian spirit (around neck)
Scrolls
 c - a scroll of summoning {unknown}
 d - a scroll of identify {unknown}
 f - a scroll of amnesia {unknown}
 g - a scroll of acquirement {unknown}
 h - a scroll of vulnerability {unknown}
 k - a scroll of fog {unknown}
 m - a scroll of holy word {unknown}
 n - a scroll of teleportation {unknown}
 o - 2 scrolls of brand weapon {unknown}
 q - a scroll of fear {unknown}
Potions
 b - a potion of magic
 e - 4 potions of curing {unknown}
 i - a potion of invisibility {unknown}
 j - 3 potions of degeneration {unknown}
 l - 2 potions of might {unknown}


   Skills:
 + Level 3.5 Dodging
 + Level 3.6 Stealth
 + Level 4.0 Spellcasting
 + Level 2.4 Transmutations
 + Level 3.9 Poison Magic


You had 6 spell levels left.
You knew the following spells:

 Your Spells              Type           Power      Damage    Failure   Level
a - Sting                 Tmut/Pois      72%        1d6       3%          1
b - Poisonous Vapours     Pois/Air       26%        N/A       8%          2
c - Blink                 Tloc           8%         N/A       17%         2

Your spell library contained the following spells:

 Spells                   Type           Power      Damage    Failure   Level
 Apportation              Tloc           8%         N/A       11%         1
 Slow                     Hex            16%        N/A       11%         1
 Mephitic Cloud           Conj/Pois/Air  10%        N/A       19%         3
 Olgreb's Toxic Radiance  Pois           22%        N/A       22%         4
 Confusing Touch          Hex            4%         N/A       32%         3
 Lesser Beckoning         Tloc           4%         N/A       32%         3
 Vampiric Draining        Necr           4%         2d6       32%         3
 Alistair's Intoxication  Tmut/Pois      12%        N/A       63%         5
 Manifold Assault         Tloc           4%         N/A       97%         5


Dungeon Overview and Level Annotations

Branches:
Dungeon (4/15)
 Temple: D:4-7

Altars:
Trog
Zin
The Shining One
Jiyva


Message History

The gnoll shaman completely misses you.
The sting hits the gnoll shaman.
The gnoll shaman is poisoned.
The gnoll shaman is moderately wounded.
The gnoll shaman hits you with a +0 whip!
A gnoll comes into view.
It is wielding a +1 flail of holy wrath.
The sting hits the gnoll shaman.
The gnoll shaman looks even sicker.
The gnoll shaman is heavily wounded.
The gnoll shaman hits you with a +0 whip.
The sting hits the gnoll shaman but does no damage.
The gnoll shaman looks even sicker.
The gnoll shaman is heavily wounded.
The gnoll misses you.
The gnoll shaman mumbles some strange prayers to its god.
The gnoll shaman is healed somewhat.
You miscast Sting.
You are very lightly contaminated with residual magic.
Nothing appears to happen.
The gnoll hits you with a +0 flail. The gnoll shaman closely misses you.
The sting hits the gnoll shaman but does no damage.
The gnoll shaman looks even sicker.
The gnoll shaman is heavily wounded.
The gnoll shaman completely misses you.
The sting hits the gnoll shaman.
The gnoll shaman looks as sick as possible!
The gnoll shaman is severely wounded.
The gnoll shaman calls upon its god to speed up the gnoll.
The gnoll seems to speed up.
You kill the gnoll shaman!
Your magical contamination has completely faded away.
Your Spellcasting skill increases to level 4!
The gnoll attacks as you move away!
The gnoll hits you with a +1 flail of holy wrath.
The gnoll hits you with a +1 flail of holy wrath!
The gnoll attacks as you move away!
The gnoll hits you with a +1 flail of holy wrath.
* * * LOW HITPOINT WARNING * * *
There is a stone staircase leading up here.
The gnoll closely misses you.
The gnoll hits you with a +1 flail of holy wrath!
You die...

## #.# ######## ...#
##......#
..[.###..####.#####
.....#...#.)..gg@.##########
...........##.###..........#
.....#.>.####.# #..###'###.#
....###.......###..#.....#.#
..)# ########.....#.....#[#
#.# #.##..#.._..#)## #.
#.##..#...).#..# #
#.##..#.....#..#
#.##..#######..#


You could see 2 gnolls.

Vanquished Creatures
  A gnoll shaman (D:4)
  A gnoll (D:4)
  2 adders (D:2)
  A worm (D:3)
  3 orcs (D:4)
  4 bats
  3 endoplasms (D:1)
  14 giant cockroaches
  5 goblins
  3 hobgoblins
  3 jackals (D:1)
  5 kobolds
  3 ball pythons
  A frilled lizard (D:1)
  7 rats
56 creatures vanquished.

Vanquished Creatures (others)
  A dart slug (D:2)
  An orc (D:3)
  4 kobolds
  A bat (D:2)
  A goblin (D:2)
8 creatures vanquished.

Grand Total: 64 creatures vanquished

Notes
Turn   | Place    | Note
-------+----------+-------------------------------------------
     0 | D:1      | Dabor the Deep Elf Venom Mage began the quest for the Orb.
     0 | D:1      | Reached XP level 1. HP: 10/10 MP: 6/6
   220 | D:1      | Reached XP level 2. HP: 15/15 MP: 4/8
   620 | D:1      | Learned a level 2 spell: Poisonous Vapours
   623 | D:1      | Learned a level 2 spell: Blink
   684 | D:1      | Found a faded altar of an unknown god.
  1152 | D:1      | Prayed at the altar of an unknown god.
  1152 | D:1      | Became a worshipper of Jiyva Jucepug the Shapeless
  1152 | D:1      | Reached * piety under Jiyva
  1165 | D:2      | Reached XP level 3. HP: 19/19 MP: 5/10
  1447 | D:2      | Reached ** piety under Jiyva
  2238 | D:3      | Reached XP level 4. HP: 24/24 MP: 1/11
  2511 | D:3      | Found a glowing silver altar of Zin.
  2640 | D:3      | Found a glowing golden altar of the Shining One.
  2642 | D:3      | Reached *** piety under Jiyva
  2963 | D:4      | Found a bloodstained altar of Trog.
  3068 | D:4      | Reached skill level 4 in Spellcasting
  3071 | D:4      | Slain by a gnoll

Illustrated notes

Levels and vault maps discovered:
D:1:      nzn_arrival_crosshair, layout_basic,
          chequers_ecumenical_altar_simple_redux, minmay_tiny_reverse_x
D:2:      layout_basic
D:3:      minmay_roachtagon, layout_basic, mainiacjoe_overflow_cross_hatched,
          zin_scriptorium
D:4:      layout_loops_cross, amcnicky_altar_gilded, kennysheep_small_spiral,
          hangedman_decor_lopped, uniq_ijyb

Skill      XL: |  1  2  3  4 |
---------------+-------------+-----
Dodging        | 3 |  3.5
Stealth        | 3 |  3.6
Transmutations | 2 |  2.4
Spellcasting   | 4 |  4.0
Poison Magic   | |  3.9

Action                   |  1- 3 |  4- 6 || total
-------------------------+-------+-------++-------
Melee: Unarmed           |       |    26 ||    26
 Cast: Sting             |    82 |    28 ||   110
Armor: Robe              |     3 |     8 ||    11
Dodge: Dodged            |    18 |    28 ||    46

Table legend: (Time is in decaauts)
 A = Elapsed time spent in this place.
 B = Non-inter-level travel time spent in this place.
 C = Inter-level travel time spent in this place.
 D = Time resting spent in this place.
 E = Time spent auto-exploring this place.
 F = Levels seen in this place.
 G = Mean time per level.
                   A        B        C        D        E       F      G
               +--------+--------+--------+--------+--------+-----+--------+
         Total |   3069 |   2845 |    224 |      0 |   2462 |   4 |  767.2 |
       Dungeon |   3069 |   2845 |    224 |      0 |   2462 |   4 |  767.2 |
               +--------+--------+--------+--------+--------+-----+--------+

Top non-repeatable levels by time:
     D:1: 1158 daAuts
     D:2: 915 daAuts
     D:3: 888 daAuts
     D:4: 107 daAuts
